 Dungeon Crawl Stone Soup version 0.20.1-1-g8b1a95d (webtiles) character file.

8999 Folque the Devastator (level 11, -4/60 HPs)
             Began as a Tengu Conjurer on Nov 1, 2017.
             Was a Priest of Vehumet.
             Slain by a wyvern (7 damage)
             ... on level 9 of the Dungeon.
             The game lasted 01:13:38 (12881 turns).

Folque the Devastator (Tengu Conjurer)             Turns: 12881, Time: 01:13:39

Health: -4/60      AC:  8    Str:  8    XL:     11   Next: 39%
Magic:  2/22       EV: 13    Int: 18    God:    Vehumet [***...]
Gold:   530        SH:  0    Dex: 16    Spells: 5/24 levels left

rFire    + . .     SeeInvis .   F - +4 spear (venom)
rCold    + . .     Gourm    +   (no shield)
rNeg     . . .     Faith    .   a - +1 robe
rPois    .         Spirit   .   (helmet restricted)
rElec    .         Reflect  .   I - scarf {rC+ rF+}
rCorr    .         Harm     .   (no gloves)
MR       +....                  (boots unavailable)
Stlth    ++........             E - amulet of the gourmand
Regen    0.2/turn               l - +5 ring of protection
MPRegen  0.2/turn               o - ring of protection from magic

@: no status effects
A: beak, talons 3, able to fly 1
a: Fly, Renounce Religion


You were on level 9 of the Dungeon.
You worshipped Vehumet.
Vehumet was most pleased with you.
You were very full.

You visited 3 branches of the dungeon, and saw 12 of its levels.

You collected 530 gold pieces.

Inventory:

Hand Weapons
 j - a +0 club
 k - a +0 short sword
 m - a +2 short sword of venom
 F - a +4 spear of venom (weapon)
Missiles
 Q - 2 throwing nets (quivered)
Armour
 a - a +1 robe (worn)
 I - a scarf of resistance (worn)
Jewellery
 d - an uncursed ring of wizardry {unknown}
 l - a +5 ring of protection (left hand)
 o - a ring of protection from magic (right hand)
 z - a +2 ring of dexterity
 E - an amulet of the gourmand (around neck)
 L - a cursed ring of loudness {unknown}
Wands
 D - a wand of iceblast (6/15)
 G - a wand of iceblast (10/15)
Scrolls
 f - a scroll of enchant armour
 g - 3 scrolls of amnesia
 h - 2 scrolls of teleportation
 n - a scroll of recharging
 q - 4 scrolls of identify
 t - 3 scrolls of fog
 v - 5 scrolls of remove curse
 w - a scroll of enchant weapon
 x - a scroll of magic mapping
Potions
 e - a potion of ambrosia {unknown}
 i - a potion of cancellation
 s - 3 potions of lignification
 A - 3 potions of curing {unknown}
 J - a potion of flight {unknown}
 K - a potion of haste {unknown}
 M - a potion of berserk rage {unknown}
 N - a potion of magic {unknown}
Books
 b - a book of Conjurations

   Spells                             Type                      Level
   a - Magic Dart                     Conjuration                  1
   b - Searing Ray                    Conjuration                  2
   c - Dazzling Spray                 Conjuration/Hexes            3
   d - Fulminant Prism                Conjuration/Hexes            4
   e - Force Lance                    Conjuration/Translocation    4
   f - Iskenderun's Mystic Blast      Conjuration                  4
Comestibles
 c - 7 bread rations
 p - 7 meat rations
 B - 2 royal jellies
 C - a fruit


   Skills:
 - Level 3.0 Fighting
 - Level 2.1 Dodging
 - Level 2.0 Stealth
 - Level 7.3 Spellcasting
 * Level 15.1 Conjurations
 * Level 7.8 Translocations
 + Level 4.7 Air Magic


You had 5 spell levels left.
You knew the following spells:

 Your Spells              Type           Power        Failure   Level  Hunger
a - Magic Dart            Conj           ####         0%          1    None
b - Searing Ray           Conj           ######       1%          2    None
c - Dazzling Spray        Conj/Hex       ####..       1%          3    #......
d - Iskenderun's Mystic   Conj           ######..     1%          4    ###....
e - Force Lance           Conj/Tloc      #####...     1%          4    ###....
f - Shock                 Conj/Air       ####         1%          1    None
g - Sticky Flame          Conj/Fire      ####....     1%          4    ###....


Dungeon Overview and Level Annotations

Branches:
Dungeon (10/15)            Temple (1/1) D:6            Lair (1/6) D:9
    Orc: D:9-12

Altars:
Ashenzari
Cheibriados
Dithmenos
Elyvilon
Gozag
Hepliaklqana
Kikubaaqudgha
Nemelex Xobeh
Okawaru
Qazlal
Sif Muna
Trog
Uskayaw
Vehumet
Xom
Yredelemnul
Zin
The Shining One

Shops:
D:4 *   D:5 [


Innate Abilities, Weirdness & Mutations

You have a beak for a mouth.
You have claws for feet.
You can fly.


Message History

The wyvern bites you. The wyvern misses you.
A centaur comes into view.
The wyvern is no longer blind.
The wyvern bites you!
* * * LOW HITPOINT WARNING * * *
The two-headed ogre shouts in stereo!
The centaur wields a shortbow.
The centaur shoots an arrow.
The arrow barely misses you.
The wyvern bites you but does no damage.
There is a stone staircase leading down here.
The two-headed ogre is no longer blind.
The centaur shoots an arrow.
The arrow misses you. The wyvern bites you!
* * * LOW HITPOINT WARNING * * *
The centaur shoots an arrow.
The arrow barely misses you.
You climb downwards.
There is a stone staircase leading up here.
As you read the scroll of torment, it crumbles to dust.
You feel a surge of unholy energy.
The wyvern convulses!
The wyvern bites you!
You die...

#.##.##.##..###..#.##.##.#
#.......##.## ##.#.......#
####.#####..###..#.......# ##.#
#...#...####..### #..# #.......#
##.# #.## #.##.##.# #.#
#.######.##.##.#######
#.##........##.##.'_##########
#.##.##..(..l@.##.###....##...
#.##.##........##..#<###.##.##
#.....#........###.#.###.##.##
#######...............YF....##.#.
......####..##.#..###.##.#...#.#.
#####.# #..>.....# #..........#.
#####.# ##.......# ##.#.<.......
......# ###._.#####.##......###
...##.# #...# #.###.#...##


You could see a wyvern.

Vanquished Creatures
  The ghost of Folque the Destroyer, a novice TeCj of Sif Muna (D:7)
  Pikel (D:7)
  Psyche (D:8)
  A rime drake (D:9)
  A merfolk (D:10)
  A hippogriff (D:9)
  14 yaks
  A wyvern (D:7)
  2 orc warriors (D:9)
  3 ice beasts
  3 sky beasts
  5 phantoms
  4 ogres
  3 centaurs
  5 bullfrogs
  A big kobold (D:10)
  A wyvern skeleton (D:8)
  5 scorpions
  17 wights
  4 howler monkeys
  2 bullfrog zombies (D:6)
  2 crimson imps
  A quasit (D:9)
  6 jellies
  5 hounds
  2 bullfrog skeletons (D:6)
  A centaur skeleton (D:6)
  10 orc priests
  10 orc wizards
  2 iguanas (D:7)
  7 worker ants
  A hound skeleton (D:4)
  A worker ant zombie (D:9)
  10 adders
  3 gnolls (D:4)
  5 shadow imps
  2 oozes
  A worm (D:3)
  3 dart slugs (D:4)
  6 leopard geckos
  41 orcs
  9 giant cockroaches
  2 gnoll zombies (D:6)
  4 goblins
  A hobgoblin (D:1)
  3 jackals (D:8)
  4 quokkas
  A ball python (D:2)
  12 bats
  4 frilled lizards
  13 kobolds
  6 rats
254 creatures vanquished.

Vanquished Creatures (others)
  A bullfrog skeleton (D:8)
  An adder (D:8)
  An orc (D:8)
  A jackal (D:8)
4 creatures vanquished.

Grand Total: 258 creatures vanquished

Notes
Turn   | Place    | Note
-------+----------+-------------------------------------------
     0 | D:1      | Folque the Tengu Conjurer began the quest for the Orb.
     0 | D:1      | Reached XP level 1. HP: 10/10 MP: 4/4
   184 | D:1      | Reached skill level 1 in Fighting
   207 | D:1      | Reached XP level 2. HP: 2/16 MP: 0/6
   592 | D:1      | Found a shattered altar of Ashenzari.
   867 | D:1      | Reached XP level 3. HP: 10/21 MP: 4/7
  1782 | D:2      | Reached XP level 4. HP: 27/27 MP: 4/9
  2113 | D:2      | Learned a level 2 spell: Searing Ray
  2117 | D:2      | Learned a level 3 spell: Dazzling Spray
  2952 | D:4      | Gained mutation: You can fly. [Tengu growth]
  2952 | D:4      | Reached XP level 5. HP: 32/32 MP: 6/10
  3006 | D:4      | Reached skill level 6 in Conjurations
  3409 | D:4      | Reached skill level 7 in Conjurations
  3409 | D:4      | Reached XP level 6. HP: 27/37 MP: 4/12
  3455 | D:4      | Noticed a phantom
  3854 | D:4      | Found Soqidol's General Store.
  3950 | D:4      | Killed a phantom
  3950 | D:4      | Reached skill level 8 in Conjurations
  3950 | D:4      | Reached XP level 7. HP: 29/41 MP: 0/14
  4135 | D:5      | Entered Level 5 of the Dungeon
  4372 | D:5      | Reached skill level 9 in Conjurations
  4621 | D:5      | Found Bucweaw's Antique Armour Boutique.
  4688 | D:5      | Reached XP level 8. HP: 45/46 MP: 3/16
  4709 | D:5      | Reached skill level 5 in Spellcasting
  4746 | D:5      | Reached skill level 10 in Conjurations
  4791 | D:5      | Learned a level 4 spell: Iskenderun's Mystic Blast
  4796 | D:5      | Learned a level 4 spell: Force Lance
  5060 | D:5      | Found a bloodstained altar of Trog.
  5121 | D:5      | Found a hazy altar of Hepliaklqana.
  5154 | D:5      | Noticed a yak
  5159 | D:5      | Noticed a yak
  5159 | D:5      | Noticed a yak
  5169 | D:5      | Killed a yak
  5169 | D:5      | Reached skill level 1 in Translocations
  5183 | D:5      | Killed a yak
  5193 | D:5      | Killed a yak
  5458 | D:5      | Reached skill level 11 in Conjurations
  5750 | D:6      | Reached XP level 9. HP: 50/50 MP: 10/18
  5927 | D:6      | Found a staircase to the Ecumenical Temple.
  6012 | Temple   | Entered the Ecumenical Temple
  6077 | Temple   | Became a worshipper of Vehumet
  6416 | D:6      | Found a basalt altar of Yredelemnul.
  6710 | D:7      | Noticed Folque's ghost (novice TeCj)
  6725 | D:7      | Killed Folque's ghost
  6726 | D:7      | HP: 2/50 [orc priest/divine providence (12)]
  7046 | D:7      | Reached skill level 12 in Conjurations
  7494 | D:7      | Reached skill level 5 in Translocations
  7765 | D:7      | Reached * piety under Vehumet
  7765 | D:7      | Offered knowledge of Shock by Vehumet.
  7768 | D:7      | Learned a level 1 spell: Shock
  7920 | D:7      | Reached XP level 10. HP: 56/56 MP: 0/21
  8596 | D:8      | Reached skill level 13 in Conjurations
  9076 | D:8      | Noticed Psyche
  9082 | D:8      | Noticed Pikel
  9083 | D:8      | Killed Psyche
  9137 | D:7      | Killed Pikel
  9539 | D:8      | Reached ** piety under Vehumet
  9539 | D:8      | Offered knowledge of Sting by Vehumet.
  9643 | D:8      | Reached skill level 14 in Conjurations
  9868 | D:9      | Found an ancient bone altar of Kikubaaqudgha.
  9907 | D:9      | Found a shattered altar of Ashenzari.
  9919 | D:9      | Reached skill level 1 in Air Magic
 10416 | D:9      | Found a staircase to the Lair.
 10823 | D:9      | Reached XP level 11. HP: 60/60 MP: 16/22
 11098 | D:9      | Found a deep blue altar of Sif Muna.
 11313 | D:10     | Entered Level 10 of the Dungeon
 11341 | D:9      | Offered knowledge of Throw Frost by Vehumet.
 11528 | D:10     | Reached *** piety under Vehumet
 11982 | Lair:1   | Entered Level 1 of the Lair of Beasts
 12241 | Lair:1   | Reached skill level 15 in Conjurations
 12421 | D:9      | Offered knowledge of Sticky Flame by Vehumet.
 12427 | D:9      | Learned a level 4 spell: Sticky Flame
 12860 | D:9      | Noticed a two-headed ogre
 12879 | D:8      | HP: 3/60 [wyvern (13)]
 12881 | D:9      | Slain by a wyvern

Skill      XL: |  1  2  3  4  5  6  7  8  9 10 11 |
---------------+----------------------------------+-----
Fighting       | 1 2 3 |  3.0
Spellcasting   | 3 4 5 6 7 |  7.3
Conjurations   | 7 8 9 11 12 14 15 | 15.1
Translocations | 3 5 7 |  7.8
Air Magic      | 2 4 |  4.7
Dodging        | |  2.1
Stealth        | |  2.0

Action                   |  1- 3 |  4- 6 |  7- 9 | 10-12 || total
-------------------------+-------+-------+-------+-------++-------
Melee: Club              |     5 |       |       |       ||     5
       Short sword       |    22 |    30 |    74 |     1 ||   127
       Peck              |     5 |     4 |    10 |    14 ||    33
       Kick              |     5 |     4 |    16 |    18 ||    43
       Spear             |       |       |       |    60 ||    60
       Halberd           |       |       |       |     4 ||     4
Throw: Throwing net      |       |       |       |     1 ||     1
 Cast: Magic Dart        |    49 |    30 |    85 |    24 ||   188
       Searing Ray       |       |    19 |    46 |    34 ||    99
       Dazzling Spray    |       |     3 |    22 |    41 ||    66
       Force Lance       |       |       |    10 |    62 ||    72
       Shock             |       |       |     2 |    92 ||    94
       Iskenderun's Myst |       |       |       |     1 ||     1
Evoke: Wand              |       |       |       |     2 ||     2
  Use: Scroll            |     4 |       |     4 |    16 ||    24
       Potion            |       |       |     3 |     2 ||     5
 Stab: Invisible         |       |     1 |     1 |       ||     2
       Distracted        |       |       |     1 |       ||     1
  Eat: Chunk             |     3 |     5 |    12 |    28 ||    48
       Royal jelly       |       |     1 |     1 |       ||     2
       Bread ration      |       |       |       |     1 ||     1
Armor: Robe              |     3 |     4 |    23 |    52 ||    82
Dodge: Dodged            |     9 |    19 |    56 |   108 ||   192
